 Dungeon Crawl Stone Soup version 0.32-a0-656-g3542139ebd (webtiles) character file.

Game seed: 6762233354850199891

189 Frost42 the Chopper (level 5, -4/69 HPs)
             Began as a Mountain Dwarf Berserker on Mar 8, 2024.
             Was a Believer of Trog.
             Slain by Grinder (12 damage)
             ... on level 3 of the Dungeon.
             The game lasted 00:13:28 (3939 turns).

Frost42 the Chopper (Mountain Dwarf Berserker)      Turns: 3939, Time: 00:13:29

Health: -4/69      AC:  9    Str: 21 (22) XL:     5   Next: 40%
Magic:  5/5        EV: 11    Int:  6 (7)  God:    Trog [**....]
Gold:   175        SH:  0    Dex:  6 (9)  Spells: 4/4 levels left

rFire   . . .        r - +0 rapier (chaos)
rCold   . . .        (no shield)
rNeg    . . .        f - +0 leather armour
rPois   .            c - +2 hat
rElec   .            (no cloak)
rCorr   .            e - +1 pair of gloves
SInv    .            d - +1 pair of boots
Will    ++...        (no amulet) Stlth
                     (no ring)
HPRegen 1.31/turn    (no ring)
MPRegen 0.09/turn

%: no passive effects
@: berserking, strong-willed, regenerating, very quick
A: runic magic, artefact enchanting
a: Renounce Religion, Berserk, Trog's Hand


You were on level 3 of the Dungeon.
You worshipped Trog.
Trog was pleased with you.
You visited 1 branch of the dungeon, and saw 4 of its levels.

You collected 175 gold pieces.

Inventory:

Hand Weapons
 g - a +1 dagger of protection
 j - a +1 dagger of freezing
 p - a +2 short sword of chaos
 q - a +2 dagger of chaos
 r - a +0 rapier of chaos (weapon)
Missiles
 h - 6 stones (quivered)
Armour
 c - a +2 hat (worn)
 d - a +1 pair of boots (worn)
 e - a +1 pair of gloves (worn)
 f - a +0 leather armour (worn)
Scrolls
 b - a scroll of immolation {unknown}
 m - a scroll of blinking {unknown}
 o - a scroll of fear {unknown}
Potions
 i - a potion of curing {unknown}
 l - a potion of mutation {unknown}
 n - a potion of cancellation {unknown}


   Skills:
 * Level 4.1 Fighting
 - Level 5.9 Axes
 + Level 2.7 Armour
 * Level 2.2 Dodging
 + Level 0.1 Stealth


You had 4 spell levels left.
You didn't know any spells.
Your spell library was empty.

Dungeon Overview and Level Annotations

Branches:
Dungeon (4/15)
 Temple: D:4-7

Altars:
Xom

Annotations:
D:3 Grinder


Innate Abilities, Weirdness & Mutations

Your spellcasting is much less encumbered by armour.
You can use scrolls of enchantment on lesser artefacts.


Message History

Grinder gestures at you. Pain shoots through your body!
Grinder barely misses you.
You hit Grinder.
Grinder seems to grow stronger.
Grinder is lightly wounded.
Grinder hits you!
You writhe in agony.
* * * LOW HITPOINT WARNING * * *
You closely miss Grinder.
Grinder is lightly wounded.
Grinder barely misses you.
You closely miss Grinder.
Grinder is lightly wounded.
Grinder gestures at you. Pain shoots through your body!
* * * LOW HITPOINT WARNING * * *
You hit Grinder.
Grinder is lightly wounded.
Grinder barely misses you.
You closely miss Grinder.
Grinder is lightly wounded.
Grinder closely misses you. Grinder hits you!
* * * LOW HITPOINT WARNING * * *
You writhe in agony.
* * * LOW HITPOINT WARNING * * *
Unknown command.
Your skin crawls.
You feel strong-willed. Grinder closely misses you.
A red film seems to cover your vision as you go berserk!
You feel yourself moving faster!
You feel mighty! Grinder hits you but does no damage.
Unknown command.
You hit Grinder.
Grinder is moderately wounded.
You completely miss Grinder.
Grinder is moderately wounded.
Grinder misses you.
You puncture Grinder!
Grinder appears confused.
Grinder is heavily wounded.
Grinder hits you!
You die...

#.############# ##.#### #.#
#.....# # #.# #).##.# #
#.######### #..##.. #
#.........# #..#### #
#########.# #..### # #.#
#....## #
######>#########.##.## #
#...)@.|.........#<... #
#...5..###########.... #
### #.#######.......##.###
# ##.####.# #....#####.##.#
# #
##.#.##..####.########.##.#
# #
#.###.........>......#.##.#
# #
##.#.##')####.######.#.##.#
# #######.###..####.#
#.#.##.# #
.......###.....####
#.#.##.#


You could see Grinder (strong, confused).

Vanquished Creatures
  A jelly (D:3)
  An iguana (D:3)
  7 adders
  A dart slug (D:1)
  3 ribbon worms
  5 ball pythons
  3 bats
  5 endoplasms
  4 giant cockroaches
  4 goblins
  6 hobgoblins
  4 quokkas
  A frilled lizard (D:1)
  11 kobolds
  5 rats
61 creatures vanquished.

Notes
Turn   | Place    | Note
-------+----------+-------------------------------------------
     0 | D:1      | Frost42 the Mountain Dwarf Berserker began the quest for
                  | the Orb.
     0 | D:1      | Reached XP level 1. HP: 19/19 MP: 1/1
   256 | D:1      | Reached skill level 4 in Axes
   256 | D:1      | Reached XP level 2. HP: 18/26 MP: 2/2
  1074 | D:2      | Reached XP level 3. HP: 26/33 MP: 3/3
  1299 | D:2      | Reached ** piety under Trog
  2598 | D:3      | Reached XP level 4. HP: 40/40 MP: 4/4
  2725 | D:3      | Reached skill level 5 in Axes
  2855 | D:3      | Reached XP level 5. HP: 13/46 MP: 5/5
  3244 | D:3      | Found a large runed translucent door.
  3244 | D:3      | Found a large runed translucent door.
  3250 | D:3      | Found a shimmering altar of Xom.
  3915 | D:4      | Noticed Grinder
  3923 | D:3      | Paralysed by Grinder for 3 turns
  3933 | D:3      | HP: 1/46 [Grinder (3)]
  3939 | D:3      | Slain by Grinder

Illustrated notes

Levels and vault maps discovered:
D:1:      lemuel_arrival_river_ford, layout_basic
D:2:      layout_basic, serial_forest, infiniplex_forest_lined_1,
          infiniplex_forest_lined_2, infiniplex_forest_zigzag_1,
          infiniplex_forest_diagonal, infiniplex_forest_corner_2,
          infiniplex_forest_end_double, minmay_tall_x
D:3:      due_chaos_kobolds, layout_loops_ring
D:4:      layout_loops_ring, minmay_temple_entry_hall, serial_shops,
          nicolae_shop_tiny_glass, minivault_5, minmay_gold_behind_fungi,
          uniq_eustachio, uniq_grinder, uniq_sigmund

Skill      XL: |  1  2  3  4 |
---------------+-------------+-----
Axes           | 4 5 |  5.9
Dodging        | 2 |  2.2
Fighting       | 4 |  4.1
Armour         | |  2.7
Stealth        | |  0.1

Action                     |  1- 3 |  4- 6 || total
---------------------------+-------+-------++-------
  Melee: Hand axe          |   336 |    83 ||   419
         Rapier            |       |    16 ||    16
  Throw: Stone             |     4 |     1 ||     5
 Invoke: Berserk           |       |     1 ||     1
         Trog's Hand       |       |     1 ||     1
    Use: Scroll            |     5 |       ||     5
         Potion            |       |     1 ||     1
 Armour: Leather armour    |   134 |    67 ||   201
         Animal skin       |     1 |       ||     1
  Dodge: Dodged            |   123 |    56 ||   179

Table legend: (Time is in decaauts)
 A = Elapsed time spent in this place.
 B = Non-inter-level travel time spent in this place.
 C = Inter-level travel time spent in this place.
 D = Time resting spent in this place.
 E = Time spent auto-exploring this place.
 F = Levels seen in this place.
 G = Mean time per level.
                   A        B        C        D        E       F      G
               +--------+--------+--------+--------+--------+-----+--------+
         Total |   3983 |   3508 |    475 |    554 |   1066 |   4 |  995.8 |
       Dungeon |   3983 |   3508 |    475 |    554 |   1066 |   4 |  995.8 |
               +--------+--------+--------+--------+--------+-----+--------+

Top non-repeatable levels by time:
     D:3: 1486 daAuts
     D:2: 1478 daAuts
     D:1: 1012 daAuts
     D:4: 5 daAuts
